 Dungeon Crawl Stone Soup version 0.31-a0-152-g6aa68a64a1 (webtiles) character file.

Game seed: 3674067767491415772

96 qw the Chopper (level 4, -1/28 HPs)
             Began as a Gargoyle Fighter on June 11, 2023.
             Slain by a gnoll
             ... wielding a +1 flail of protection
              (11 damage)
             ... on level 3 of the Dungeon.
             The game lasted 00:01:05 (2180 turns).

qw the Chopper (Gargoyle Fighter)                   Turns: 2180, Time: 00:01:06

Health: -1/28      AC: 10    Str: 21    XL:     4   Next: 67%
Magic:  4/4        EV:  9    Int:  9    God:
Gold:   118        SH:  4    Dex:  9    Spells: 3/3 levels left

rFire   . . .        Y - +0 war axe
rCold   . . .        c - +0 buckler
rNeg    + . .        b - +0 scale mail
rPois   inf          (no helmet)
rElec   +            (no cloak)
rCorr   .            (no gloves)
SInv    .            (no boots)
Will    .....        (no amulet) Stlth
                     (no ring)
HPRegen 0.24/turn    (no ring)
MPRegen 0.09/turn

%: no passive effects
@: no status effects
A: sickness immunity, AC +3, negative energy resistance 1, electricity
resistance, torment resistance 1, petrification resistance
a: no special abilities


You were on level 3 of the Dungeon.
You visited 1 branch of the dungeon, and saw 3 of its levels.

You collected 118 gold pieces.


Innate Abilities, Weirdness & Mutations

You are immune to sickness and miasma.
Your stone body is resilient. (AC +3)
You are immune to poison.
You resist negative energy. (rN+)
You are resistant to electric shocks. (rElec)
You are resistant to unholy torment.
You are immune to petrification.


   Skills:
 - Level 3.2 Fighting
 + Level 4.3 Axes
 - Level 3.2 Armour
 - Level 3.2 Shields


You had 3 spell levels left.
You didn't know any spells.
Your spell library was empty.

Inventory:

Hand Weapons
 e - a +0 mace
 Y - a +0 war axe (weapon)
Armour
 b - a +0 scale mail (worn)
 c - a +0 buckler (worn)
 h - a +2 ring mail of fire resistance
Scrolls
 a - 2 scrolls of teleportation
 g - 2 scrolls of identify
Potions
 d - a potion of might
 j - 2 potions of curing

Dungeon Overview and Level Annotations

Branches:
Dungeon (3/15)

Altars:


Message History

The orc hits you with a +0 mace.
You closely miss the orc. The orc hits you but does no damage.
You barely miss the orc. The orc hits you with a +0 mace.
The orc closely misses you.
You barely miss the orc. The orc hits you but does no damage.
You slash the orc!
You kill the orc!
You start resting.
HP restored.
e - a +0 mace;
h - a +2 ring mail of fire resistance
Enter note:
Enter note:
Enter note:
Enter note:
Enter note:
Enter note:
2105 ||| DROPPING +0 whip.
You drop a +0 whip.
The gnoll shouts!
Enter note:
Enter note:
Enter note:
Enter note:
Enter note:
Enter note:
2173 ||| Stepping ~*~*~tactically~*~*~ (stealth).
2175 ||| Stepping ~*~*~tactically~*~*~ (stealth).
You barely miss the gnoll.
The gnoll hits you with a +1 flail of protection. x2
You closely miss the gnoll.
The gnoll hits you with a +1 flail of protection.
You slash the gnoll!
The gnoll is severely wounded.
The gnoll hits you with a +1 flail of protection.
You barely miss the gnoll.
The gnoll is severely wounded.
The gnoll shouts!
The gnoll hits you with a +1 flail of protection!
You die...

......##.....#.#####
...<#..............#
#####..#.###...##.##
#.......<#...<.##.#
##.#.....#.....##.#
...............##.#####.###
##.##...##.#...##..........
........>...#.###.#.###.##
######.#.#..#...@gg...#
.....#.#.##########.#.#######.
####.#.#.#.............g......
#.#.#.#.#######...g########
#.# #...# #....# #.#
#.#########....# ####.#
#..............# .....#
#.#########.#..# .....# #.#
#.....#


You could see 2 gnolls.

Vanquished Creatures
  A gnoll (D:3)
  3 adders
  A worm (D:2)
  2 dart slugs (D:1)
  An orc (D:3)
  2 ball pythons
  7 endoplasms
  2 giant cockroaches
  3 goblins (D:1)
  5 hobgoblins
  4 jackals (D:2)
  2 quokkas (D:1)
  3 bats (D:2)
  3 frilled lizards
  5 kobolds
  2 rats (D:1)
46 creatures vanquished.

Notes
Turn   | Place    | Note
-------+----------+-------------------------------------------
     0 | D:1      | qw the Gargoyle Fighter began the quest for the Orb.
     0 | D:1      | Reached XP level 1. HP: 14/14 MP: 1/1
     0 | D:1      | 0 ||| qw: Version: 0.2-a-29-g7dc7884
     0 | D:1      | 0 ||| qw: Game counter: 4033
     0 | D:1      | 0 ||| qw: Always use a shield: true
     0 | D:1      | 0 ||| qw: God list: Okawaru
     0 | D:1      | 0 ||| qw: Allow faded altars: false
     0 | D:1      | 0 ||| qw: Do Orc after D:15 true
     0 | D:1      | 0 ||| qw: Do second Lair branch before Depths: true
     0 | D:1      | 0 ||| qw: Lair rune preference: random
     0 | D:1      | 0 ||| qw: Plans: Normal, Zot:1-4, Slime:5, God:TSO, Crypt,
                  | Tomb, Abyss, Pan, Hells, Win
     0 | D:1      | 0 ||| PLANNING D:1-11
    77 | D:1      | Reached skill level 2 in Axes
   189 | D:1      | 189 ||| Stepping ~*~*~tactically~*~*~ (hiding).
   196 | D:1      | Reached XP level 2. HP: 19/19 MP: 2/2
   308 | D:1      | 308 ||| Stepping ~*~*~tactically~*~*~ (stealth).
   318 | D:1      | 318 ||| Stepping ~*~*~tactically~*~*~ (stealth).
   319 | D:1      | 319 ||| Stepping ~*~*~tactically~*~*~ (stealth).
   579 | D:1      | Reached skill level 3 in Axes
   683 | D:1      | Reached XP level 3. HP: 11/23 MP: 3/3
   970 | D:1      | 970 ||| READING 3 scrolls labelled IMAITY BO OLOY.
   974 | D:1      | 974 ||| READING scroll labelled JIHOAQ QOGUM.
   975 | D:1      | 975 ||| READING 3 scrolls labelled GYQOFR JOXOTZ.
   976 | D:1      | 976 ||| READING scroll labelled MOOLIE SAMU PIZXIT.
   977 | D:1      | 977 ||| READING 2 scrolls of identify.
   977 | D:1      | 977 ||| IDENTIFYING inky potion
  1016 | D:2      | 1016 ||| Stepping ~*~*~tactically~*~*~ (stealth).
  1207 | D:2      | 1207 ||| Stepping ~*~*~tactically~*~*~ (hiding).
  1492 | D:2      | 1492 ||| DROPPING +0 club.
  1542 | D:2      | 1542 ||| Stepping ~*~*~tactically~*~*~ (stealth).
  1546 | D:2      | 1546 ||| Stepping ~*~*~tactically~*~*~ (stealth).
  1650 | D:2      | Reached XP level 4. HP: 28/28 MP: 4/4
  1777 | D:2      | 1777 ||| READING scroll labelled APACIZ JIGEAZ.
  1778 | D:2      | 1778 ||| READING scroll labelled NONUCHE GACOZ.
  1779 | D:2      | 1779 ||| DRINKING 2 red potions.
  1780 | D:2      | 1780 ||| READING 3 scrolls of identify.
  1780 | D:2      | 1780 ||| IDENTIFYING amethyst potion
  1781 | D:2      | 1781 ||| DROPPING potion of brilliance.
  1884 | D:3      | Reached skill level 4 in Axes
  1951 | D:3      | 1951 ||| Stepping ~*~*~tactically~*~*~ (stealth).
  1965 | D:3      | 1965 ||| Stepping ~*~*~tactically~*~*~ (hiding).
  1970 | D:3      | HP: 6/28 [gnoll/+1 flail of protection (8)]
  1971 | D:3      | 1971 ||| READING 3 scrolls of teleportation.
  1972 | D:3      | 1972 ||| DRINKING potion of heal wounds.
  2027 | D:3      | 2027 ||| Stepping ~*~*~tactically~*~*~ (hiding).
  2028 | D:3      | 2028 ||| Stepping ~*~*~tactically~*~*~ (hiding).
  2105 | D:3      | 2105 ||| DROPPING +0 whip.
  2173 | D:3      | 2173 ||| Stepping ~*~*~tactically~*~*~ (stealth).
  2175 | D:3      | 2175 ||| Stepping ~*~*~tactically~*~*~ (stealth).
  2180 | D:3      | Slain by a gnoll

Levels and vault maps discovered:
D:1:      lordsloth_arrival_two_stooges, layout_basic
D:2:      layout_loops_cross
D:3:      layout_basic, chequers_serial_rivers_room_a

Skill      XL: |  1  2  3  4 |
---------------+-------------+-----
Axes           | 2 3 4 |  4.3
Fighting       | |  3.2
Armour         | |  3.2
Shields        | |  3.2

Action                     |  1- 3 |  4- 6 || total
---------------------------+-------+-------++-------
  Melee: War axe           |   123 |    45 ||   168
    Use: Scroll            |     5 |     4 ||     9
         Potion            |       |     2 ||     2
 Armour: Scale mail        |    45 |    15 ||    60
  Dodge: Dodged            |    54 |    28 ||    82
  Block: Buckler           |    20 |    11 ||    31

Table legend:
 A = Non-vault XP
 B = Vault XP
 C = Vault XP percentage of total XP
 D = Non-vault monster count
 E = Vault monster count
 F = Vault count percentage of total count
                 A         B        C        D         E       F
            +---------+---------+-------+---------+---------+-------
      Total |     138 |       0 |   0.0 |      46 |       0 |   0.0
            +---------+---------+-------+---------+---------+-------
        D:1 |      37 |       0 |   0.0 |      19 |       0 |   0.0
        D:2 |      47 |       0 |   0.0 |      18 |       0 |   0.0
        D:3 |      54 |       0 |   0.0 |       9 |       0 |   0.0
            +---------+---------+-------+---------+---------+-------
